 Dungeon Crawl Stone Soup version 0.22-a0-135-g6f012ad (webtiles) character file.

15714 kuniqs the Convoker (level 12, -2/66 HPs)
             Began as a Deep Elf Summoner on Feb 1, 2018.
             Was a High Priest of Sif Muna.
             Killed from afar by an electric eel (9 damage)
             ... with a bolt of electricity
             ... on level 6 of the Lair of Beasts.
             The game lasted 00:39:46 (15501 turns).

kuniqs the Convoker (Deep Elf Summoner)            Turns: 15501, Time: 00:39:47

Health: -2/66      AC:  6    Str:  5    XL:     12   Next: 3%
Magic:  9/32       EV: 12    Int: 28    God:    Sif Muna [*****.]
Gold:   798        SH:  0    Dex: 15    Spells: 26/39 levels left

rFire    . . .     SeeInvis .   I - +5 glaive of Faihos {drain, Int+2, !a}
rCold    . . .     Gourm    .   (shield currently unavailable)
rNeg     . . .     Faith    .   k - +1 leather armour {MR+}
rPois    .         Spirit   .   B - +0 helmet
rElec    .         Reflect  .   (no cloak)
rCorr    .         Harm     .   e - +0 pair of gloves
MR       ++...                  (no boots)
Stlth    +++.......             J - amulet of regeneration
HPRegen  0.61/turn              s - ring of stealth
MPRegen  0.23/turn              (no ring)

@: lethally poisoned (-2 -> -2), divine energy
A: mutation resistance 1, wild magic 1
a: Stop Divine Energy, Channel Magic, Forget Spell, Renounce Religion


You were on level 6 of the Lair of Beasts.
You worshipped Sif Muna.
Sif Muna was extremely pleased with you.
You were hungry.

You visited 3 branches of the dungeon, and saw 17 of its levels.

You collected 848 gold pieces.
You spent 50 gold pieces at shops.

Inventory:

Hand Weapons
 I - the +5 glaive of Faihos (weapon) {drain, Int+2, !a}
   (You found it on level 7 of the Dungeon)

   A truly terrible weapon, it drains the life of those it strikes.
   It affects your intelligence (+2).
Armour
 e - a +0 pair of gloves (worn)
 k - a +1 leather armour of magic resistance (worn)
 B - a +0 helmet (worn)
Jewellery
 s - a ring of stealth (left hand)
 H - an uncursed ring of fire
 J - an amulet of regeneration (around neck)
Wands
 b - a wand of enslavement (31)
 p - a wand of disintegration (25)
 E - a wand of digging (13)
 F - a wand of acid (8)
 L - a wand of polymorph (41)
Scrolls
 a - 2 scrolls of random uselessness {unknown}
 d - 2 scrolls of enchant armour {unknown}
 i - 2 scrolls of immolation {unknown}
 m - 3 scrolls of magic mapping
 n - 7 scrolls of remove curse {@r2}
 o - 6 scrolls of amnesia
 r - 2 scrolls of enchant weapon {unknown}
 v - 9 scrolls of identify {@r1}
 w - 4 scrolls of teleportation {unknown}
 x - 4 scrolls of fog {unknown}
 y - 3 scrolls of noise {unknown}
 C - 2 scrolls of fear
 D - a scroll of holy word {unknown}
 K - a scroll of blinking {unknown}
 O - a scroll of acquirement {unknown}
Potions
 f - a potion of invisibility {unknown}
 g - 7 potions of lignification
 h - a potion of agility {unknown}
 j - 4 potions of haste
 l - 4 potions of mutation
 q - 3 potions of berserk rage {unknown}
 t - 2 potions of curing {unknown}
 u - 3 potions of flight
 z - 5 potions of heal wounds
 G - 2 potions of ambrosia {unknown}
Books
 A - Toklajin's Guide on the Compass
   (Sif Muna gifted it to you on level 5 of the Lair of Beasts)

   Spells                             Type                      Level
   a - Blink                          Translocation                2
   b - Portal Projectile              Hexes/Translocation          3
   c - Gell's Gravitas                Translocation                3
   d - Summon Forest                  Summoning/Translocation      5
   e - Malign Gateway                 Summoning/Translocation      7
Miscellaneous
 M - a phial of floods
 N - a fan of gales
Comestibles
 c - 28 rations
 P - 15 chunks of flesh


   Skills:
 + Level 4.0 Fighting
 - Level 2.4 Dodging
 - Level 2.4 Stealth
 + Level 14.0 Spellcasting
 * Level 16.5 Summonings


You had 26 spell levels left.
You knew the following spells:

 Your Spells              Type           Power        Failure   Level  Hunger
b - Call Imp              Summ           #######.     1%          2    None
c - Call Canine Familiar  Summ           #######.     1%          3    None
d - Summon Ice Beast      Ice/Summ       ######..     3%          4    None
e - Summon Lightning Spi  Summ/Air       ######..     3%          4    None


Dungeon Overview and Level Annotations

Branches:
Dungeon (10/15)            Temple (1/1) D:5            Lair (6/6) D:10
 Shoals (0/4) Lair:2       Spider (0/4) Lair:2        Slime (0/5) Lair:6
    Orc: D:9-12

Altars:
Ashenzari
Cheibriados
Dithmenos
Elyvilon
Fedhas
Gozag
Hepliaklqana
Kikubaaqudgha
Makhleb
Nemelex Xobeh
Okawaru
Qazlal
Ru
Sif Muna
Trog
Uskayaw
Vehumet
Wu Jian
Xom
Yredelemnul
Zin
The Shining One
Jiyva

Shops:
D:4 !


Innate Abilities, Weirdness & Mutations

You are somewhat resistant to further mutation.
Your spells are a little harder to cast, but a little more powerful.


Message History

What are your orders? t - Shout!
Orders for allies: a - Attack new target. r - Retreat! s - Stop attacking. g - Guard the area. f - Follow me.
Anything else - Cancel.
Gang up on whom?
Aim: an electric eel Attack!
You feel sick.
Your ice beast disappears in a puff of smoke!
The electric eel shoots out a bolt of lightning at you!
The bolt of electricity hits you!
Your ice beast closely misses the electric eel.
The electric eel shoots out a bolt of lightning at you!
The bolt of electricity hits you!
* * * LOW HITPOINT WARNING * * *
You feel sick.
Your ice beast misses the electric eel.
The electric eel shoots out a bolt of lightning at you!
The bolt of electricity hits you!
You die...

###.... # ##...... # #....... #
##...†... ## #........ .## ######
#### ##........ ..###....##
####..######.........
..........###......##............
................@.............#..
#............................##..
...................§..........##.
...............≈≈.PY.≈.P≈≈...## .
#..............≈PP;.P≈PPP≈....# .
...............PP≈≈P≈≈≈≈≈P....#
...............PP≈P≈≈≈≈≈P≈....#
#..............≈≈≈P≈≈P≈≈PP...
.........≈≈≈≈≈≈


You could see an electric eel and a friendly ice beast.

Vanquished Creatures (collateral kills)
  2 hydras (Lair:6)
  3 two-headed ogres
  3 death yaks
  Sonja (Lair:3)
  10 elephants
  3 merfolk sirens (Lair:2)
  A black mamba (Lair:3)
  The ghost of Aviak the Skirmisher, a novice DrCK of Xom (D:5)
  10 spiny frogs
  3 komodo dragons
  A rime drake (Lair:2)
  The ghost of Lathuz the Conjurer, a novice DEFE of Vehumet (D:4)
  A merfolk (Lair:2)
  A troll (D:9)
  2 polar bears
  5 hippogriffs
  5 dream sheep (Lair:4)
  A hornet (Lair:2)
  5 blink frogs
  Sigmund (D:4)
  A wraith (D:9)
  27 yaks
  A wyvern (Lair:6)
  Eustachio (D:4)
  A hungry ghost (D:8)
  Menkaure (D:4)
  3 water moccasins
  7 porcupines
  4 ice beasts
  2 sky beasts
  7 orc warriors
  2 phantoms
  8 ogres
  7 wolves
  2 centaurs (D:10)
  8 crocodiles
  2 big kobolds (D:10)
  10 bullfrogs
  A gnoll sergeant (D:10)
  7 scorpions
  A water moccasin skeleton (D:8)
  12 killer bees
  2 howler monkeys
  10 wights
  4 crimson imps
  8 hounds
  A bullfrog zombie (D:8)
  3 jellies
  3 orc priests
  A centaur skeleton (D:8)
  5 gnoll shamans
  2 iguanas
  Terence (D:2)
  9 worker ants
  2 orc wizards
  23 gnolls
  14 adders
  2 shadow imps (D:8)
  2 oozes
  An adder skeleton (D:7)
  7 worms
  3 dart slugs
  7 leopard geckos
  21 orcs
  14 giant cockroaches
  14 goblins
  11 hobgoblins
  7 jackals
  9 kobolds
  4 quokkas
  A ball python skeleton (D:4)
  10 bats
  5 frilled lizards
  7 rats
  6 fungi (D:10)
  A plant (D:10)
395 creatures vanquished.

Vanquished Creatures (others)
  4 fungi
  A plant (D:10)
5 creatures vanquished.

Grand Total: 400 creatures vanquished

Notes
Turn   | Place    | Note
-------+----------+-------------------------------------------
     0 | D:1      | kuniqs the Deep Elf Summoner began the quest for the Orb.
     0 | D:1      | Reached XP level 1. HP: 10/10 MP: 6/6
   286 | D:1      | Reached XP level 2. HP: 15/15 MP: 6/8
   296 | D:1      | Learned a level 2 spell: Call Imp
   517 | D:1      | Reached skill level 5 in Summonings
  1056 | D:2      | Reached XP level 3. HP: 19/19 MP: 10/10
  1063 | D:2      | Learned a level 3 spell: Call Canine Familiar
  1399 | D:2      | Found a burning altar of Makhleb.
  1409 | D:2      | Found a glowing silver altar of Zin.
  1409 | D:2      | Noticed a green death
  1409 | D:2      | Noticed an angel
  1552 | D:2      | Noticed Terence
  1588 | D:2      | Killed Terence
  1614 | D:2      | Reached XP level 4. HP: 24/24 MP: 6/12
  1736 | D:3      | Noticed a phantom
  1779 | D:3      | Killed a phantom
  1779 | D:3      | Reached skill level 6 in Summonings
  2048 | D:3      | Learned a level 4 spell: Summon Ice Beast
  2084 | D:3      | Reached XP level 5. HP: 28/28 MP: 9/14
  2492 | D:4      | Noticed Eustachio
  2517 | D:4      | Noticed Lathuz's ghost (novice DEFE)
  2614 | D:4      | Killed Lathuz's ghost
  2614 | D:4      | Reached skill level 5 in Spellcasting
  2614 | D:4      | Reached skill level 7 in Summonings
  2614 | D:4      | Reached XP level 6. HP: 32/32 MP: 6/16
  3145 | D:4      | Noticed Sigmund
  3157 | D:4      | Killed Sigmund
  3162 | D:4      | Got a crystal mace
  3163 | D:4      | Identified the +3 mace of Sin {drain, rF+} (You found it on level 4 of the Dungeon)
  3175 | D:4      | Noticed Menkaure
  3181 | D:4      | Killed Menkaure
  3222 | D:4      | Found Lafezara's Distillery.
  3237 | D:4      | Killed Eustachio
  3237 | D:4      | Reached skill level 8 in Summonings
  3237 | D:4      | Reached XP level 7. HP: 7/36 MP: 15/18
  3260 | D:4      | Bought a potion of heal wounds for 50 gold pieces
  3477 | D:4      | Learned a level 4 spell: Summon Lightning Spire
  3828 | D:4      | You fall through a shaft for 2 floors!
  3847 | D:5      | Entered Level 5 of the Dungeon
  3991 | D:5      | Found a staircase to the Ecumenical Temple.
  3995 | Temple   | Entered the Ecumenical Temple
  4460 | D:5      | Noticed Aviak's ghost (novice DrCK)
  4500 | D:5      | Killed Aviak's ghost
  5182 | D:6      | Found a deep blue altar of Sif Muna.
  5186 | D:6      | Became a worshipper of Sif Muna the Loreminder
  5486 | D:6      | Reached skill level 9 in Summonings
  5796 | D:6      | Found Utsuar's Gadget Shoppe.
  5994 | D:7      | Reached XP level 8. HP: 41/41 MP: 17/21
  6241 | D:7      | Reached * piety under Sif Muna
  6298 | D:7      | Reached skill level 10 in Summonings
  6423 | D:7      | Got a crude glaive
  6424 | D:7      | Identified the +5 glaive of Faihos {drain, Int+2} (You found it on level 7 of the Dungeon)
  6927 | D:8      | Noticed a hippogriff
  6927 | D:8      | Noticed a two-headed ogre
  7000 | D:8      | Found a stormy altar of Qazlal.
  7109 | D:8      | Reached ** piety under Sif Muna
  7213 | D:8      | Reached skill level 11 in Summonings
  7287 | D:8      | Noticed a two-headed ogre
  7317 | D:8      | Killed a two-headed ogre
  7317 | D:8      | Reached XP level 9. HP: 45/45 MP: 9/24
  7460 | D:8      | Found a hide-covered altar of Uskayaw.
  7460 | D:8      | Found a white marble altar of Elyvilon.
  7626 | D:8      | Killed a two-headed ogre
  7626 | D:8      | Reached skill level 10 in Spellcasting
  7626 | D:8      | Reached skill level 12 in Summonings
  7760 | D:8      | Reached *** piety under Sif Muna
  7936 | D:8      | Gained mutation: Your spells are a little harder to cast, but a little more powerful. [potion of mutation]
  7936 | D:8      | Gained mutation: You are somewhat resistant to further mutation. [potion of mutation]
  8046 | D:9      | Noticed a two-headed ogre
  8053 | D:9      | Killed a two-headed ogre
  8162 | D:9      | Found an ancient bone altar of Kikubaaqudgha.
  8271 | D:9      | Found a stormy altar of Qazlal.
  8290 | D:9      | Noticed a troll
  8305 | D:9      | Killed a troll
  8305 | D:9      | Reached skill level 13 in Summonings
  8691 | D:10     | Entered Level 10 of the Dungeon
  8800 | D:10     | Reached XP level 10. HP: 50/50 MP: 12/27
  8859 | D:10     | Reached **** piety under Sif Muna
  9836 | D:10     | Found a staircase to the Lair.
 10324 | Lair:1   | Entered Level 1 of the Lair of Beasts
 10339 | Lair:1   | Noticed a spiny frog
 10350 | Lair:1   | Killed a spiny frog
 10508 | Lair:1   | Reached skill level 14 in Summonings
 10844 | Lair:1   | Noticed a spiny frog
 10866 | Lair:1   | Killed a spiny frog
 11055 | Lair:1   | Noticed a spiny frog
 11066 | Lair:1   | Killed a spiny frog
 11619 | Lair:2   | Noticed a merfolk siren
 11631 | Lair:2   | Killed a merfolk siren
 11635 | Lair:2   | Noticed a merfolk siren
 11637 | Lair:2   | Noticed a merfolk siren
 11648 | Lair:2   | Killed a merfolk siren
 11648 | Lair:2   | Reached skill level 15 in Summonings
 11648 | Lair:2   | Reached XP level 11. HP: 44/54 MP: 22/29
 11688 | Lair:2   | Found a staircase to the Shoals.
 11837 | Lair:2   | Found a hole to the Spider Nest.
 12311 | Lair:3   | Noticed Sonja
 12328 | Lair:3   | Killed Sonja
 12328 | Lair:3   | Reached skill level 1 in Fighting
 13226 | Lair:4   | Reached ***** piety under Sif Muna
 14187 | Lair:5   | Got a warped flail
 14188 | Lair:5   | Identified the +4 flail of Noos Wya {crush, rF+} (You found it on level 5 of the Lair of Beasts)
 14443 | Lair:5   | Identified Toklajin's Guide on the Compass (Sif Muna gifted it to you on level 5 of the Lair of Beasts)
 14443 | Lair:5   | Received a gift from Sif Muna
 15068 | Lair:6   | Entered Level 6 of the Lair of Beasts
 15068 | Lair:6   | Noticed a four-headed hydra
 15073 | Lair:6   | Reached skill level 16 in Summonings
 15080 | Lair:6   | Killed a four-headed hydra
 15169 | Lair:6   | Noticed a death yak
 15172 | Lair:6   | Noticed a death yak
 15173 | Lair:6   | Noticed a death yak
 15195 | Lair:6   | Killed a death yak
 15204 | Lair:6   | Killed a death yak
 15228 | Lair:5   | Killed a death yak
 15368 | Lair:6   | Found a staircase to the Slime Pits.
 15369 | Lair:6   | Found a viscous altar of Jiyva.
 15421 | Lair:6   | Noticed a five-headed hydra
 15430 | Lair:6   | Killed a five-headed hydra
 15453 | Lair:6   | Reached XP level 12. HP: 66/66 MP: 10/31
 15501 | Lair:6   | Killed from afar by an electric eel

Vault maps used:
D:1:      elethiomel_arrival_infinity_welcomes_careful_drivers,
          minmay_pentomino_r2
D:2:      grunt_temple_overflow_order_and_chaos_2, uniq_terence
D:4:      serial_shops, shop, uniq_sigmund, uniq_menkaure, uniq_eustachio
D:5:      temple_statues, first_ration, grunt_ministairs_3,
          minmay_misc_feat_pillars
D:6:      kennysheep_mini_moat, serial_shops, nicolae_shop_statue_plus,
          minmay_door_square, minmay_misc_feat_alley, kennysheep_doodads
D:7:      grunt_ogre_cave, minmay_statues_item, st_stairs_12
D:8:      gammafunk_temple_overflow_statue, grunt_qazlal_clouds,
          wad_rectangle_vault
D:9:      lemuel_round_altar, basic_altar
D:10:     kennysheep_seaside_town, grunt_lair_entry_orc_guard_hut
Temple:   nicolae_temple_no_exploring_needed
Lair:2:   elwin_shoals_entry_stream, nicolae_spider_entry_non_spiders,
          grunt_megastairs_1
Lair:3:   uniq_sonja
Lair:4:   serial_bayou_shore_b, wad_woods_river_01
Lair:6:   cheibrodos_lair_end_hotspot, slime_altar_1, serial_bayou_shore_a

Skill      XL: |  1  2  3  4  5  6  7  8  9 10 11 12 |
---------------+-------------------------------------+-----
Summonings     | 5 6 7 8 9 11 13 15 16 | 16.5
Spellcasting   | 4 5 6 7 9 11 12 13 14 | 14.0
Fighting       | 3 4 |  4.0
Dodging        | |  2.4
Stealth        | |  2.4

Action                   |  1- 3 |  4- 6 |  7- 9 | 10-12 || total
-------------------------+-------+-------+-------+-------++-------
Melee: Glaive            |       |       |     1 |       ||     1
 Cast: Summon Small Mamm |    17 |       |       |       ||    17
       Call Imp          |    16 |    18 |    18 |       ||    52
       Call Canine Famil |     6 |    19 |    50 |    27 ||   102
       Summon Lightning  |       |       |    14 |     7 ||    21
       Summon Ice Beast  |       |       |    24 |   137 ||   161
Invok: Divine Energy     |       |       |     1 |       ||     1
  Use: Scroll            |     1 |       |     5 |     1 ||     7
       Potion            |       |       |     6 |     1 ||     7
  Eat: Chunk             |     3 |     5 |    27 |    13 ||    48
       Ration            |       |     1 |       |       ||     1
Armor: Robe              |     9 |     9 |       |       ||    18
       Leather armour    |       |       |    23 |    15 ||    38
Dodge: Dodged            |    11 |    34 |    59 |    44 ||   148

Table legend:
 A = Spawn XP
 B = Non-spawn XP
 C = Spawn XP percentage of total XP
 D = Spawn monster count
 E = Non-spawn monster count
 F = Spawn count percentage of total count
 G = Total turns spent on level
                    A         B        C        D         E        F      G
               +---------+---------+-------+---------+---------+-------+---------
         Total |       0 |   22449 |   0.0 |       0 |     388 |   0.0 | 15501
               +---------+---------+-------+---------+---------+-------+---------
           D:1 |       0 |      30 |   0.0 |       0 |      28 |   0.0 |   951
           D:2 |       0 |      67 |   0.0 |       0 |      32 |   0.0 |   714
           D:3 |       0 |     147 |   0.0 |       0 |      30 |   0.0 |  1155
           D:4 |       0 |     493 |   0.0 |       0 |      14 |   0.0 |  1128
           D:5 |       0 |     333 |   0.0 |       0 |      12 |   0.0 |  1099
           D:6 |       0 |     346 |   0.0 |       0 |      23 |   0.0 |   904
           D:7 |       0 |     632 |   0.0 |       0 |      21 |   0.0 |  1003
           D:8 |       0 |    2192 |   0.0 |       0 |      44 |   0.0 |   986
           D:9 |       0 |    1109 |   0.0 |       0 |      23 |   0.0 |   825
          D:10 |       0 |    1788 |   0.0 |       0 |      49 |   0.0 |  1557
        Lair:1 |       0 |    2467 |   0.0 |       0 |      25 |   0.0 |   969
        Lair:2 |       0 |    2498 |   0.0 |       0 |      25 |   0.0 |   982
        Lair:3 |       0 |    1734 |   0.0 |       0 |      10 |   0.0 |   614
        Lair:4 |       0 |    3159 |   0.0 |       0 |      24 |   0.0 |  1244
        Lair:5 |       0 |    1339 |   0.0 |       0 |       8 |   0.0 |  1039
        Lair:6 |       0 |    4115 |   0.0 |       0 |      20 |   0.0 |   329
               +---------+---------+-------+---------+---------+-------+---------
